 Dungeon Crawl Stone Soup version 0.21.1-1-g345015f (webtiles) character file.

62 inc the Chiller (level 3, -4/15 HPs)
             Began as a Felid Ice Elementalist on Feb 22, 2018.
             Slain by a worker ant zombie (5 damage)
             ... on level 5 of the Dungeon.
             The game lasted 00:03:41 (2452 turns).

inc the Chiller (Felid Ice Elementalist)            Turns: 2452, Time: 00:03:42

Health: -4/15      AC:  1    Str:  4    XL:     3   Next: 85%
Magic:  7/7        EV: 18    Int: 17    God:
Gold:   114        SH:  0    Dex: 16    Spells: 5/6 levels left
                                        Lives:  0   Deaths: 0

rFire    . . .     SeeInvis +   (weapon unavailable)
rCold    . . .     Gourm    .   (shield unavailable)
rNeg     . . .     Faith    .   (armour unavailable)
rPois    .         Spirit   .   (helmet unavailable)
rElec    .         Reflect  .   (cloak unavailable)
rCorr    .         Harm     .   (gloves unavailable)
MR       .....                  (boots unavailable)
Stlth    +++.......             (no amulet)
HPRegen  0.05/turn              (no ring)
MPRegen  0.10/turn              (no ring)

@: marked, quick
A: very small, no armour, no weapons or thrown items, stealth, claws 1, fangs 3,
see invisible, carnivore, speed 1, shaggy fur 1, slow metabolism 1, sharp paws
a: no special abilities


You were on level 5 of the Dungeon.
You were full.

You visited 1 branch of the dungeon, and saw 5 of its levels.

You collected 114 gold pieces.

Inventory:

Jewellery
 f - a +4 ring of intelligence {unknown}
 j - an uncursed amulet of faith {unknown}
 l - an uncursed ring of wizardry {unknown}
 q - a cursed -3 ring of slaying {unknown}
Scrolls
 d - a scroll of immolation {unknown}
 e - a scroll of teleportation {unknown}
 i - 4 scrolls of identify {unknown}
 k - a scroll of amnesia {unknown}
 m - a scroll of enchant armour {unknown}
 n - a scroll of blinking {unknown}
Potions
 c - 2 potions of heal wounds {unknown}
 g - 2 potions of degeneration {unknown}
 h - 3 potions of curing {unknown}
 o - a potion of might {unknown}
 p - a potion of lignification {unknown}
 r - a potion of mutation {unknown}
Books
 a - a book of Frost

   Spells                             Type                      Level
   a - Freeze                         Ice                          1
   b - Throw Frost                    Conjuration/Ice              2
   c - Ozocubu's Armour               Charms/Ice                   3
   d - Throw Icicle                   Conjuration/Ice              4
   e - Summon Ice Beast               Ice/Summoning                4
Comestibles
 b - 8 rations


   Skills:
 + Level 1.0 Fighting
 - Level 2.6 Dodging
 - Level 2.6 Stealth
 - Level 2.0 Spellcasting
   Level 0.8 Conjurations
 - Level 4.2 Ice Magic


You had 5 spell levels left.
You knew the following spells:

 Your Spells              Type           Power        Failure   Level  Hunger
a - Freeze                Ice            ###.         3%          1    #......


Dungeon Overview and Level Annotations

Branches:
Dungeon (5/15)
 Temple: D:4-7

Altars:

Annotations:
D:3 Ijyb


Innate Abilities, Weirdness & Mutations

You cannot wear armour.
You are incapable of wielding weapons or throwing items.
Your paws allow you to move quietly. (Stealth)
You have sharp claws.
You have razor-sharp teeth.
You have supernaturally acute eyesight. (SInv)
You are carnivorous and can eat meat at any time.
You cover ground quickly.
You are covered in fur. (AC +1)
You have a slow metabolism.
Your sharp claws are effective at attacking unaware monsters.


Message History

A worker ant comes into view.
The adder barely misses you.
An adder comes into view.
The worker ant bites you but does no damage.
A worker ant zombie comes into view.
The hound closely misses you.
You scratch the worker ant zombie but do no damage.
The hound barely misses you. The worker ant zombie misses you.
You scratch the worker ant zombie but do no damage.
The hound bites you.
* * * LOW HITPOINT WARNING * * *
The worker ant zombie completely misses you.
The hound misses you.
You barely miss the worker ant zombie.
You bite the worker ant zombie, but do no damage.
The hound closely misses you.
The worker ant zombie closely misses you.
You barely miss the worker ant zombie. Your bite misses the worker ant zombie.
The hound barely misses you. The worker ant zombie bites you.
You die...

####...o####.......###
#....#.............
#....#..........#
####...o.....o..#
#.####S..aS..# ...#
#####S### ...... #S#
...$.... #h# ......(.
#@# ......... #Z#
#####.. #.# #.# #..
###


You could see a hound, a worker ant, 3 adders, an orc and a worker ant zombie.

Vanquished Creatures
  An adder (D:2)
  A leopard gecko (D:1)
  A ball python (D:2)
  5 giant cockroaches
  9 hobgoblins
  4 jackals (D:2)
  4 kobolds
  7 bats
  3 frilled lizards
  5 goblins
  7 rats
47 creatures vanquished.

Notes
Turn   | Place    | Note
-------+----------+-------------------------------------------
     0 | D:1      | inc the Felid Ice Elementalist began the quest for the Orb.
     0 | D:1      | Reached XP level 1. HP: 7/7 MP: 4/4
    43 | D:1      | Reached skill level 3 in Ice Magic
   357 | D:1      | Reached XP level 2. HP: 10/11 MP: 3/6
  1207 | D:2      | Reached XP level 3. HP: 11/14 MP: 4/7
  1562 | D:2      | Reached skill level 4 in Ice Magic
  2210 | D:3      | Noticed Ijyb
  2220 | D:4      | Reached skill level 1 in Fighting
  2384 | D:5      | Entered Level 5 of the Dungeon
  2452 | D:5      | Slain by a worker ant zombie

Skill      XL: |  1  2  3 |
---------------+----------+-----
Ice Magic      | 3 4 |  4.2
Fighting       | 1 |  1.0
Dodging        | |  2.6
Stealth        | |  2.6
Spellcasting   | |  2.0
Conjurations   | |  0.8

Action                   || total
-------------------------++-------
Melee: Unarmed           ||    43
       Bite              ||     1
 Cast: Freeze            ||    61
 Stab: Sleeping          ||     9
  Eat: Chunk             ||     7
Armor: Skin              ||    14
Dodge: Dodged            ||    86
